 Dungeon Crawl Stone Soup version 0.31-a0-986-g5e6e4ef867 (webtiles) character file.

Game seed: 4893345879394178540

95 avis the Ducker (level 4, 19/19 HPs)
             Began as a Felid Artificer on Nov 18, 2023.
             Got out of the dungeon alive.
             The game lasted 00:10:03 (1886 turns).

avis the Ducker (Felid Artificer)                   Turns: 1886, Time: 00:10:03

Health: 19/19      AC:  1    Str: 10    XL:     4   Next: 40%
Magic:  5/5        EV: 19    Int: 12    God:
Gold:   54         SH:  0    Dex: 16    Spells: 3/3 levels left
                                        Lives:  0   Deaths: 2

rFire   . .          .
                       - Unarmed
rCold   . . .        (shield unavailable)
rNeg    . . .        (body armour unavailable)
rPois   .            (helmet unavailable)
rElec   .            (cloak unavailable)
rCorr   .            (gloves unavailable)
SInv    +            (boots unavailable)
Will    .....        (no amulet)
Stlth   ++           (no ring)
HPRegen 0.23/turn    (no ring)
MPRegen 0.09/turn

%: no passive effects
@: quick
A: very small, claws 1, fangs 3, see invisible, speed 1, shaggy fur 1, stealthy
paws, no weapons or thrown items, no armour, multi-lived
a: no special abilities


You escaped.
You visited 1 branch of the dungeon, and saw 2 of its levels.

You collected 54 gold pieces.

Inventory:

Jewellery
 d - an amulet of magic regeneration
Wands
 a - a wand of flame (9) (quivered)
 b - a wand of charming (14)
 c - a wand of iceblast (4)
Potions
 e - a potion of attraction {unknown}
 f - a potion of cancellation {unknown}
 g - 3 potions of brilliance {unknown}


   Skills:
 - Level 2.0 Fighting
 * Level 4.9 Dodging
 - Level 2.0 Stealth
 - Level 1.0 Unarmed Combat
 - Level 4.0 Evocations


You had 3 spell levels left.
You didn't know any spells.
Your spell library contained the following spells:

 Spells                   Type           Power      Damage    Failure   Level
 Slow                     Hex            0%         N/A       32%         1
 Confusing Touch          Hex            0%         N/A       69%         3
 Sigil of Binding         Hex            0%         N/A       69%         3
 Vampiric Draining        Necr           0%         2d6       69%         3


Dungeon Overview and Level Annotations

Branches:
Dungeon (2/15)

Altars:

Annotations:
D:1 Robin


Innate Abilities, Weirdness & Mutations

You have sharp claws.
You have razor-sharp teeth.
You have supernaturally acute eyesight. (SInv)
You cover ground quickly. (Speed+)
You are covered in fur. (AC +1)
Your paws help you pounce on unaware monsters.
You are incapable of wielding weapons or throwing items.
You cannot wear armour.
You gain extra lives every three experience levels.


Message History

The goblin is moderately wounded.
The goblin hits you with a +0 club.
* * * LOW HITPOINT WARNING * * *
You scratch the goblin.
You kill the goblin!
You start resting.
HP restored.
Robin flexes a bicep menacingly.
There is a stone staircase leading up here.
Robin's horned helmet rattles.
Robin misses you.
There is a stone staircase leading up here.
Robin hits you with a +1 spear of freezing.
Robin freezes you.
You climb upwards.
There is a stone staircase leading down here.
You scratch Robin but do no damage. You bite Robin, but do no damage.
Robin barely misses you.
You scratch Robin but do no damage.
Robin hits you with a +1 spear of freezing.
* * * LOW HITPOINT WARNING * * *
Robin freezes you.
* * * LOW HITPOINT WARNING * * *
Aiming: Throw Flame
Press: ? - help, Shift-Dir - straight line, f - Robin
Aim: Robin, wielding a +1 spear of freezing, wearing a +0 animal skin and wearing a +0 helmet (79% to hit)
The puff of flame hits Robin!
Robin is heavily wounded.
Robin barely misses you.
Aiming: Throw Flame
Press: ? - help, Shift-Dir - straight line, f/p - Robin
Aim: Robin, wielding a +1 spear of freezing, wearing a +0 animal skin and wearing a +0 helmet (heavily wounded, 79% to hit)
The puff of flame hits Robin.
Robin is severely wounded.
Robin hits you with a +1 spear of freezing.
You die...
Robin freezes you.
You rejoin the land of the living...
There is a staircase leading out of the dungeon here.
You have escaped!

##############.....#
#...................
#.########.........#
#..#######..........
#....≈≈≈≈#.....#.###
#....≈≈≈≈≈.....###
#....~≈≈≈≈....##
#....≈~≈≈≈..###
#..@.≈..≈≈..#
#......≈≈≈..#
#......≈≈≈..#
####..≈.(.≈≈≈..#
#...#≈≈≈.≈≈≈#..#
#.###≈≈≈≈≈≈≈#..# #.#
#########..## #.#
#.# ###...#### #.#
#.# #........#


There were no monsters in sight!

Vanquished Creatures
  Jessica (D:2)
  An adder (D:1)
  2 dart slugs
  An orc (D:1)
  3 bats
  5 endoplasms
  A giant cockroach (D:1)
  13 goblins
  4 hobgoblins
  6 jackals
  3 ball pythons (D:1)
  3 frilled lizards
  4 kobolds (D:1)
  3 rats
50 creatures vanquished.

Vanquished Creatures (others)
  A goblin (D:1)
1 creature vanquished.

Grand Total: 51 creatures vanquished

Notes
Turn   | Place    | Note
-------+----------+-------------------------------------------
     0 | D:1      | avis the Felid Artificer began the quest for the Orb.
     0 | D:1      | Reached XP level 1. HP: 9/9 MP: 2/2
    39 | D:1      | Found a faded altar of an unknown god.
   207 | D:1      | Reached XP level 2. HP: 8/12 MP: 3/3
  1004 | D:2      | Noticed Jessica
  1058 | D:1      | Reached XP level 3. HP: 10/16 MP: 4/4
  1087 | D:2      | Slain by Jessica
  1096 | D:2      | Killed Jessica
  1193 | D:2      | Reached skill level 1 in Unarmed Combat
  1402 | D:2      | Reached XP level 4. HP: 16/19 MP: 5/5
  1705 | D:2      | Noticed Robin
  1866 | D:1      | Slain by Robin
  1886 | D:$      | Got out of the dungeon alive.

Illustrated notes

Levels and vault maps discovered:
D:1:      dpeg_arrival_pond, layout_loops_ring,
          shapermc_ecumenical_altar_starsandcircs
D:2:      layout_rooms, nicolae_elevator_lobby_asterisk, uniq_jessica,
          uniq_robin

Skill      XL: |  1  2  3 |
---------------+----------+-----
Evocations     | 4 |  4.0
Fighting       | 2 |  2.0
Dodging        | 4 |  4.9
Stealth        | 2 |  2.0
Unarmed Combat | 1 |  1.0

Action                     |  1- 3 |  4- 6 || total
---------------------------+-------+-------++-------
  Melee: Unarmed           |   140 |    51 ||   191
         Bite              |    14 |     7 ||    21
         Punch             |     1 |     1 ||     2
  Evoke: Wand              |     6 |     2 ||     8
   Stab: Sleeping          |     4 |       ||     4
 Armour: Skin              |    41 |    30 ||    71
  Dodge: Dodged            |   104 |    47 ||   151

Table legend: (Time is in decaauts)
 A = Elapsed time spent in this place.
 B = Non-inter-level travel time spent in this place.
 C = Inter-level travel time spent in this place.
 D = Time resting spent in this place.
 E = Time spent auto-exploring this place.
 F = Levels seen in this place.
 G = Mean time per level.
                   A        B        C        D        E       F      G
               +--------+--------+--------+--------+--------+-----+--------+
         Total |   1717 |   1673 |     44 |    633 |    431 |   2 |  858.5 |
       Dungeon |   1717 |   1673 |     44 |    633 |    431 |   2 |  858.5 |
               +--------+--------+--------+--------+--------+-----+--------+

Top non-repeatable levels by time:
     D:1: 1161 daAuts
     D:2: 556 daAuts
